 Dungeon Crawl Stone Soup version 0.28.0-47-ge53b351184 (webtiles) character file.

Game seed: 7580783041105784432

2449 nickcage the Slicer (level 9, -6/39 HPs)
             Began as a Spriggan Enchanter on May 2, 2022.
             Was a Follower of Dithmenos.
             Mangled by a killer bee (8 damage)
             ... on level 6 of the Dungeon.
             The game lasted 00:24:10 (8314 turns).

nickcage the Slicer (Spriggan Enchanter)            Turns: 8314, Time: 00:24:10

Health: -6/39      AC:  2    Str: 10    XL:     9   Next: 25%
Magic:  10/14      EV: 17    Int: 24    God:    Dithmenos [*.....]
Gold:   209        SH:  0    Dex: 18    Spells: 8/13 levels left

rFire   . . .      SeeInvis +   o - +5 dagger (speed)
rCold   . . .      Faith    .   (no shield)
rNeg    . . .      Spirit   .   b - +0 robe
rPois   .          Reflect  .   (helmet restricted)
rElec   .          Harm     .   (no cloak)
rCorr   .          Rampage  .   (gloves unavailable)
Will    +....                   (boots unavailable)
Stlth   +++.......              (no amulet)
HPRegen 0.13/turn               d - +6 ring of strength
MPRegen 0.14/turn               g - +6 ring of intelligence

@: wreathed by umbra, very quick
A: very small, no large weapons, unfitting armour, see invisible, speed 3
a: Renounce Religion


You were on level 6 of the Dungeon.
You worshipped Dithmenos.
Dithmenos was aware of your devotion.
You visited 1 branch of the dungeon, and saw 7 of its levels.

You collected 209 gold pieces.

Inventory:

Hand Weapons
 a - a +3 dagger
 o - a +5 dagger of speed (weapon)
Armour
 b - a +0 robe (worn)
Jewellery
 d - a +6 ring of strength (left hand)
 e - a ring of poison resistance
 g - a +6 ring of intelligence (right hand)
 l - an amulet of magic regeneration
 q - a ring of resist corrosion
Wands
 h - a wand of iceblast (4)
 i - a wand of digging (5)
 n - a wand of mindburst (11)
Scrolls
 k - a scroll of fear
 r - a scroll of noise {unknown}
 t - 2 scrolls of identify
 v - a scroll of teleportation
Potions
 c - a potion of invisibility
 f - 2 potions of ambrosia
 j - a potion of flight
 m - a potion of brilliance {unknown}
 p - 2 potions of heal wounds
 s - a potion of magic
 u - 2 potions of curing
 w - 2 potions of might
 z - a potion of degeneration {unknown}
 A - 2 potions of attraction


   Skills:
 + Level 13.2 Short Blades
 - Level 2.6 Dodging
 - Level 4.4 Stealth
 - Level 2.6 Spellcasting
 - Level 4.8 Hexes


You had 8 spell levels left.
You knew the following spells:

 Your Spells              Type           Power      Damage    Failure   Level
a - Ensorcelled Hibernat  Hex/Ice        28%        N/A       6%          2
b - Call Canine Familiar  Summ           3%         N/A       32%         3

Your spell library contained the following spells:

 Spells                   Type           Power      Damage    Failure   Level
 Confusing Touch          Hex            26%        N/A       4%          3
 Tukima's Dance           Hex            26%        N/A       4%          3
 Animate Skeleton         Necr           6%         N/A       11%         1
 Pain                     Necr           12%        1d4       11%         1
 Summon Small Mammal      Summ           12%        N/A       11%         1
 Dazzling Flash           Conj/Hex       28%        N/A       12%         3
 Summon Guardian Golem    Hex/Summ       14%        N/A       12%         3
 Vampiric Draining        Necr           3%         2d6       32%         3
 Airstrike                Air            1%         N/A       73%         4
 Summon Lightning Spire   Summ/Air       3%         N/A       73%         4
 Lightning Bolt           Conj/Air       1%         1d12      97%         5


Dungeon Overview and Level Annotations

Branches:
Dungeon (7/15)
 Temple: D:4-7

Altars:
Dithmenos
Kikubaaqudgha
Qazlal
Ru
Wu Jian
Yredelemnul
The Shining One

Shops:
D:3 =   D:4 [   D:6 =


Innate Abilities, Weirdness & Mutations

You are very small and have problems with some larger weapons.
You are too small for most types of armour.
You have supernaturally acute eyesight. (SInv)
You cover ground extremely quickly. (Speed+++)


Message History

The killer bee looks drowsy...
The helpless killer bee fails to defend itself.
You perforate the killer bee like a sieve!!!!
You kill the killer bee!
Dithmenos accepts your kill.
You start resting.
Magic restored.
You start resting.
HP restored.
You climb downwards.
The orc completely misses you. The troll bites you but does no damage.
The troll closely misses you. The troll claws you!
The killer bee closely misses you. The orc barely misses you.
The troll misses you. The troll claws you! x2
* * * LOW HITPOINT WARNING * * *
The killer bee stings you.
* * * LOW HITPOINT WARNING * * *
The killer bee buzzes angrily.
There is a stone staircase leading up, spattered with blood here.
The killer bee misses you. The orc closely misses you. The troll misses you. x2
The troll claws you but does no damage. The killer bee misses you.
You climb upwards.
There is a stone staircase leading down here.
Aiming: Ensorcelled Hibernation (safe; 6% risk of failure)
Press: ? - help, Q - select action, (/) - cycle Shift-Dir - straight line, f - orc
Aim: an orc, wielding a +0 short sword of electrocution (umbra, chance to affect: 65%)
The orc resists with significant effort.
The killer bee closely misses you. The orc closely misses you.
The killer bee misses you.
Aiming: Ensorcelled Hibernation (safe; 6% risk of failure)
Press: ? - help, Q - select action, (/) - cycle Shift-Dir - straight line, f/p - orc
Aim: an orc, wielding a +0 short sword of electrocution (umbra, chance to affect: 65%)
The orc looks drowsy...
The killer bee misses you. The killer bee stings you!
* * * LOW HITPOINT WARNING * * *
The helpless orc fails to defend itself.
You spit the orc like a pig!!!!
You kill the orc!
Dithmenos accepts your kill. The killer bee stings you!
You die...

#.......# #...?..#
..#####.# #.####.#
........###.####.#
...#..........##.#
.....#..###.#.##.#
...###..# #.#.##.#
.....>).# #......#
.######## ###.#####
## #(....@>#
####### #.#.###y#
#.....# #.#.###T#
#.....# #.#..##.#
##..)..# #.##.##.#
.......## #.##(##.#
#.......# #.......#
#.##.##.# #......<#
#.##.##.###.#.#.#.#


You could see a troll and a killer bee.

Vanquished Creatures
  Menkaure (D:4)
  A water moccasin (D:5)
  An orc warrior (D:6)
  A black bear (D:4)
  3 ice beasts
  An ogre (D:4)
  2 sky beasts
  2 centaurs (D:6)
  A phantom (D:5)
  Blork the orc (D:4)
  3 scorpions (D:4)
  A wyvern skeleton (D:6)
  A water moccasin skeleton (D:4)
  5 wights
  2 killer bees
  3 hounds
  A jelly (D:4)
  2 orc priests
  Jessica (D:2)
  Natasha (thrice) (D:3)
  A gnoll shaman (D:4)
  Ijyb (D:5)
  2 iguanas (D:5)
  2 orc wizards
  Robin (D:4)
  4 gnolls (D:4)
  5 adders
  2 adder skeletons (D:4)
  A worm (D:2)
  A dart slug (D:4)
  14 orcs
  6 bats
  4 endoplasms
  4 giant cockroaches
  16 goblins
  11 hobgoblins
  3 quokkas
  4 ball pythons
  A kobold (D:2)
  4 rats
  2 rat zombies (D:4)
125 creatures vanquished.

Notes
Turn   | Place    | Note
-------+----------+-------------------------------------------
     0 | D:1      | nickcage the Spriggan Enchanter began the quest for the
                  | Orb.
     0 | D:1      | Reached XP level 1. HP: 9/9 MP: 5/5
    23 | D:1      | Found a faded altar of an unknown god.
   345 | D:1      | Reached XP level 2. HP: 13/13 MP: 6/6
   816 | D:2      | Learned a level 2 spell: Ensorcelled Hibernation
  1021 | D:2      | Reached XP level 3. HP: 16/16 MP: 2/8
  1097 | D:2      | Noticed Jessica
  1108 | D:2      | Killed Jessica
  1109 | D:2      | Reached skill level 2 in Short Blades
  1330 | D:2      | Reached skill level 3 in Short Blades
  1332 | D:2      | Reached XP level 4. HP: 21/21 MP: 4/9
  1622 | D:3      | Noticed Natasha
  1630 | D:3      | Killed Natasha
  1798 | D:3      | Found Zamec's Jewellery Shop.
  1834 | D:3      | Noticed Natasha
  1845 | D:3      | Killed Natasha
  1846 | D:3      | Reached skill level 4 in Short Blades
  2033 | D:3      | Noticed Natasha
  2043 | D:3      | Killed Natasha
  2044 | D:3      | Reached XP level 5. HP: 5/24 MP: 5/10
  2543 | D:4      | Found an ancient bone altar of Kikubaaqudgha.
  2598 | D:4      | Noticed an ogre
  2601 | D:4      | Noticed Blork the orc
  2613 | D:4      | Killed an ogre
  2614 | D:4      | Reached skill level 5 in Short Blades
  2616 | D:4      | Killed Blork the orc
  2617 | D:4      | Reached skill level 6 in Short Blades
  2617 | D:4      | Reached XP level 6. HP: 28/28 MP: 1/11
  3381 | D:4      | Reached skill level 7 in Short Blades
  3811 | D:4      | You fall into a shaft and drop 1 floor!
  3811 | D:5      | Entered Level 5 of the Dungeon
  3917 | D:4      | Found a basalt altar of Yredelemnul.
  3959 | D:4      | Found Womuklui's Antique Armour Shop.
  4000 | D:4      | Found a shadowy altar of Dithmenos.
  4024 | D:4      | Reached XP level 7. HP: 24/32 MP: 12/12
  4110 | D:4      | Became a worshipper of Dithmenos the Shadowed
  4184 | D:4      | Reached skill level 8 in Short Blades
  4860 | D:4      | Reached skill level 9 in Short Blades
  5438 | D:4      | Noticed Robin
  5449 | D:4      | Killed Robin
  5450 | D:4      | Reached XP level 8. HP: 17/36 MP: 8/13
  5488 | D:4      | Reached * piety under Dithmenos
  5493 | D:4      | Noticed Menkaure
  5720 | D:4      | Killed Menkaure
  5721 | D:4      | Reached skill level 10 in Short Blades
  6518 | D:5      | Noticed Ijyb
  6539 | D:5      | Killed Ijyb
  6540 | D:5      | Reached skill level 11 in Short Blades
  6872 | D:5      | Found an ornate altar of the Wu Jian Council.
  7072 | D:6      | Found Besuegeha's Jewellery Shop.
  7095 | D:6      | Learned a level 3 spell: Call Canine Familiar
  7097 | D:6      | Found a sacrificial altar of Ru.
  7100 | D:6      | Reached skill level 12 in Short Blades
  7366 | D:6      | Reached XP level 9. HP: 39/39 MP: 7/14
  7428 | D:6      | Found a stormy altar of Qazlal.
  7658 | D:6      | Found a glowing golden altar of the Shining One.
  7976 | D:6      | Reached skill level 13 in Short Blades
  8220 | D:7      | Noticed a troll
  8312 | D:6      | HP: 1/39 [killer bee (7)]
  8314 | D:6      | Mangled by a killer bee

Illustrated notes

Levels and vault maps discovered:
D:1:      onia_arrival_mini_spirals, layout_loops_ring, basic_ecumenical_altar,
          serial_bayou_pond_a, hangedman_abyss_or_decor_lesser_grid,
          dk_noncrumbling_3
D:2:      layout_rooms, uniq_jessica
D:3:      layout_basic, serial_shops, nicolae_shop_hallway_stairs, uniq_natasha
D:4:      minmay_opposing_rooms, layout_loops_ring, yredelemnul_altar_generic,
          old_standard_altar, lemuel_zombie_altar_kikubaaqudgha, serial_shops,
          nicolae_inconvenience_store, minmay_misc_feat_plants,
          minmay_fractal_squares_5, uniq_robin, uniq_blork_the_orc,
          uniq_menkaure
D:5:      layout_basic, mainiacjoe_overflow_surrounded_room, uniq_ijyb
D:6:      layout_loops_cross, general_overflow_altar, grunt_qazlal_clouds,
          nicolae_tso_swordbearing_angel, serial_shops,
          nicolae_shop_competitors_out_of_business
D:7:      layout_rooms, minmay_temple_entry_offerings, grunt_ministairs_14

Skill      XL: |  1  2  3  4  5  6  7  8  9 |
---------------+----------------------------+-----
Hexes          | 4 |  4.8
Short Blades   | 3 4 6 7 9 12 13 | 13.2
Dodging        | |  2.6
Stealth        | |  4.4
Spellcasting   | |  2.6

Action                   |  1- 3 |  4- 6 |  7- 9 || total
-------------------------+-------+-------+-------++-------
Melee: Dagger            |    67 |    89 |   256 ||   412
       Punch             |     2 |     1 |     4 ||     7
 Cast: Ensorcelled Hiber |    10 |    47 |    47 ||   104
  Use: Scroll            |       |     5 |    13 ||    18
 Stab: Sleeping          |    15 |    17 |    33 ||    65
       Distracted        |       |     1 |       ||     1
Armor: Robe              |     8 |     7 |     5 ||    20
Dodge: Dodged            |    41 |    68 |   108 ||   217
